 Dungeon Crawl Stone Soup version 0.30.0-15-g856e2d3f33 (webtiles) character file.

Game seed: 11824818064667145864

3299 drjones the Grappler (level 9, -1/87 HPs)
             Began as a Troll Berserker on May 19, 2023.
             Was a High Priest of Trog.
             Slain by a hornet (13 damage)
             ... while paralysed by a hornet
             ... on level 9 of the Dungeon.
             The game lasted 00:19:52 (6353 turns).

drjones the Grappler (Troll Berserker)              Turns: 6353, Time: 00:19:53

Health: -1/87      AC:  6    Str: 29    XL:     9   Next: 70%
Magic:  8/8        EV:  1    Int:  5    God:    Trog [*****.]
Gold:   347        SH:  0    Dex:  9    Spells: 8/8 levels left

rFire   . .          .
                       - Unarmed
rCold   . . .        (no shield)
rNeg    . . .        a - +0 animal skin
rPois   .            y - +2 hat
rElec   .            (no cloak)
rCorr   .            (gloves unavailable)
SInv    .            (boots unavailable)
Will    .....        (no amulet)
Stlth   +            (no ring)
HPRegen 1.14/turn    (no ring)
MPRegen 0.11/turn

%: no passive effects
@: paralysed, lethally poisoned (-1 -> -19), slowed
A: large, unfitting armour, claws 3, regeneration 1, shaggy fur 1, tough skin 1
a: Renounce Religion, Berserk, Trog's Hand, Brothers in Arms


You were on level 9 of the Dungeon.
You worshipped Trog.
Trog was extremely pleased with you.
You visited 2 branches of the dungeon, and saw 10 of its levels.

You collected 347 gold pieces.

Inventory:

Hand Weapons
 e - a +0 giant spiked club
 z - a +4 whip
Missiles
 g - 2 boomerangs (quivered)
 n - 6 poisoned darts
 r - 2 throwing nets
 A - 4 boomerangs of dispersal
 C - 2 curare-tipped darts
Armour
 a - a +0 animal skin (worn)
 y - a +2 hat (worn)
Wands
 o - a wand of digging (3)
 t - a wand of iceblast (6)
 x - a wand of light (11)
Scrolls
 b - 7 scrolls of teleportation
 d - a scroll of magic mapping {unknown}
 f - 2 scrolls of silence
 h - 3 scrolls of vulnerability {unknown}
 i - 3 scrolls of poison
 k - a scroll of fear {unknown}
 l - 2 scrolls of enchant weapon
 m - a scroll of noise {unknown}
 p - a scroll of brand weapon {unknown}
 q - a scroll of immolation {unknown}
 w - a scroll of fog {unknown}
Potions
 c - 5 potions of curing
 j - a potion of might
 s - a potion of flight {unknown}
 u - a potion of cancellation {unknown}
 v - a potion of heal wounds {unknown}
 D - a potion of mutation {unknown}
 E - a potion of brilliance {unknown}
 F - a potion of attraction {unknown}


   Skills:
 + Level 4.8 Fighting
 + Level 6.6 Throwing
 + Level 4.8 Dodging
 + Level 9.8 Unarmed Combat


You had 8 spell levels left.
You didn't know any spells.
Your spell library was empty.

Dungeon Overview and Level Annotations

Branches:
Dungeon (9/15)             Temple (1/1) D:6            Lair (0/5) D:8
    Orc: D:9-12

Altars:
Ashenzari
Dithmenos
Elyvilon
Fedhas
Gozag
Hepliaklqana
Makhleb
Okawaru
Qazlal
Ru
Sif Muna
Trog
Uskayaw
Vehumet
Wu Jian
Xom
Yredelemnul

Shops:
D:1 *   D:4 *

Annotations:
D:7 3 runed translucent doors, Mandevil's ghost, novice OgFi; P0WERM0DE's ghost, novice MeMo; aduken's ghost, novice GnFE; goupaloupa's ghost, novice DsFi; tussin's ghost, novice HOCK


Innate Abilities, Weirdness & Mutations

You are too large for most types of armour.
You have claws for hands.
Your natural rate of healing is unusually fast.
You are covered in fur. (AC +1)
You have tough skin. (AC +1)


Message History

C - 2 curare-tipped darts (gained 1)
Things that are here:
a +0 dagger; 5 stones; a +0 short sword
Found a stone staircase leading down.
You see here a +0 trident.
A hornet comes into view.
A hornet is nearby!
The hornet stings you.
You are poisoned.
You feel yourself slow down.
You closely miss the hornet.
You feel very sick. The hornet stings you.
You are more poisoned.
You feel as though you will be slow longer.
The hornet stings you!
You are more poisoned.
You feel as though you will be slow longer.
You scratch the hornet but do no damage.
You feel extremely sick. The hornet barely misses you. x2
You mangle the hornet!!
The hornet is heavily wounded.
You feel very sick.
The hornet stings you but does no damage.
You barely miss the hornet.
The hornet is heavily wounded.
You feel very sick. The hornet stings you!
You are more poisoned.
You feel as though you will be slow longer.
The hornet stings you!
* * * LOW HITPOINT WARNING * * *
You are lethally poisoned!
You suddenly lose the ability to move!
You hear the faint creaking of a very distant portcullis.
* * * LOW HITPOINT WARNING * * *
You feel extremely sick. The hornet stings you!
You die...

#.# #.# #####
## #.#######...
..
#......##.##.##
######........#
####.##.....
#.# #.#
#.#####.#
#.@y....#
#########


You could see a hornet.

Vanquished Creatures
  Grinder (D:3)
  A hornet (D:6)
  6 yaks
  A water moccasin (D:8)
  A sky beast (D:8)
  3 ice beasts
  3 ogres
  2 bullfrogs (D:8)
  2 kobold brigands
  2 scorpions
  3 howler monkeys
  2 jellies
  2 gnoll boudas (D:4)
  An orc priest (D:7)
  3 sleepcaps
  An iguana (D:4)
  Natasha (thrice) (D:2)
  5 orc wizards
  Ijyb (D:5)
  4 adders
  16 gnolls
  2 shadow imps
  2 worms
  3 dart slugs
  29 orcs
  8 ball pythons
  6 endoplasms
  6 giant cockroaches
  5 goblins
  8 hobgoblins
  A jackal (D:3)
  16 kobolds
  2 quokkas
  4 bats
  A frilled lizard (D:1)
  9 rats
165 creatures vanquished.

Vanquished Creatures (others)
  A gnoll (D:7)
1 creature vanquished.

Grand Total: 166 creatures vanquished

Notes
Turn   | Place    | Note
-------+----------+-------------------------------------------
     0 | D:1      | drjones the Troll Berserker began the quest for the Orb.
     0 | D:1      | Reached XP level 1. HP: 22/22 MP: 0/0
    17 | D:1      | Found Xaodyll's Assorted Antiques.
   211 | D:1      | Reached XP level 2. HP: 29/29 MP: 1/1
   367 | D:1      | Reached skill level 4 in Unarmed Combat
   628 | D:1      | Reached ** piety under Trog
   878 | D:2      | Reached XP level 3. HP: 36/36 MP: 2/2
  1184 | D:2      | Noticed Natasha
  1193 | D:2      | Killed Natasha
  1194 | D:2      | Reached skill level 5 in Unarmed Combat
  1194 | D:2      | Reached XP level 4. HP: 36/44 MP: 3/3
  1520 | D:2      | Found a faded altar of an unknown god.
  1621 | D:2      | Noticed Natasha
  1628 | D:2      | Killed Natasha
  1670 | D:2      | Noticed Natasha
  1679 | D:2      | Killed Natasha
  1680 | D:2      | Reached XP level 5. HP: 36/50 MP: 4/4
  1869 | D:3      | Found an iron altar of Okawaru.
  1885 | D:3      | Reached skill level 6 in Unarmed Combat
  2274 | D:3      | Reached *** piety under Trog
  2341 | D:3      | Noticed Grinder
  2342 | D:3      | Paralysed by Grinder for 3 turns
  2350 | D:3      | Killed Grinder
  2351 | D:3      | Reached XP level 6. HP: 53/59 MP: 5/5
  2556 | D:4      | Reached skill level 7 in Unarmed Combat
  2774 | D:4      | Reached XP level 7. HP: 39/66 MP: 6/6
  2871 | D:4      | Found Roppoh's Elemental Accessories.
  3307 | D:5      | Entered Level 5 of the Dungeon
  3454 | D:5      | Reached skill level 8 in Unarmed Combat
  3528 | D:5      | Reached XP level 8. HP: 58/74 MP: 7/7
  3560 | D:5      | Reached **** piety under Trog
  4180 | D:5      | Noticed Ijyb
  4187 | D:5      | Killed Ijyb
  4553 | D:6      | Found a staircase to the Ecumenical Temple.
  4560 | Temple   | Entered the Ecumenical Temple
  4885 | D:6      | Reached skill level 5 in Throwing
  5014 | D:6      | Found a sacrificial altar of Ru.
  5127 | D:6      | Noticed a hornet
  5136 | D:6      | Killed a hornet
  5396 | D:7      | Reached skill level 9 in Unarmed Combat
  5406 | D:7      | Found a runed translucent gate.
  5406 | D:7      | Found a runed translucent gate.
  5413 | D:7      | Found a runed translucent gate.
  5416 | D:7      | Noticed P0WERM0DE's ghost (novice MeMo)
  5416 | D:7      | Noticed tussin's ghost (novice HOCK)
  5417 | D:7      | Noticed goupaloupa's ghost (novice DsFi)
  5417 | D:7      | Noticed aduken's ghost (novice GnFE)
  5417 | D:7      | Noticed Mandevil's ghost (novice OgFi)
  5439 | D:7      | Found a burning altar of Makhleb.
  5533 | D:7      | Reached XP level 9. HP: 75/84 MP: 8/8
  5614 | D:8      | Found a shadowy altar of Dithmenos.
  5705 | D:8      | Reached ***** piety under Trog
  5814 | D:8      | Found a staircase to the Lair.
  6352 | D:9      | Paralysed by a hornet for 2 turns
  6353 | D:9      | Slain by a hornet

Illustrated notes

Levels and vault maps discovered:
D:1:      dpeg_arrival_ratfight, layout_basic, serial_shops,
          nicolae_shop_crystal
D:2:      layout_basic, hellmonk_ecumenical_altar_inner_sanctum, uniq_natasha
D:3:      minmay_door_path, layout_rooms, lemuel_round_altar,
          minmay_misc_feat_encased, chequers_serial_rivers_room_b, uniq_grinder
D:4:      layout_loops_cross, nicolae_elemental_shop
D:5:      layout_basic, chequers_garden, uniq_ijyb
D:6:      layout_cave_pods, nicolae_ru_great_annihilating_truth,
          minmay_temple_entry_statues_pillars
D:7:      layout_rooms, mainiacjoe_overflow_tiny_flanked,
          nemelex_spade_bored_becter, gammafunk_ghost_cemetery, serial_shops,
          shop
D:8:      layout_loops_ring, nicolae_dithmenos_the_darkroom, lair_entry_dummy,
          hangedman_decor_lopped, serial_park_tiny_2
D:9:      layout_loops_cross, zin_academy, enter_bailey_3
Temple:   nicolae_temple_figure_eight

Skill      XL: |  1  2  3  4  5  6  7  8  9 |
---------------+----------------------------+-----
Unarmed Combat | 4 5 6 7 8 9 |  9.8
Throwing       | 2 4 5 6 |  6.6
Fighting       | 3 4 |  4.8
Dodging        | 3 4 |  4.8

Action                     |  1- 3 |  4- 6 |  7- 9 || total
---------------------------+-------+-------+-------++-------
  Melee: Unarmed           |    89 |    90 |   269 ||   448
         Punch             |     2 |     1 |    14 ||    17
  Throw: Dart              |     2 |    10 |     4 ||    16
         Boomerang         |       |       |    37 ||    37
    Use: Scroll            |       |     4 |     5 ||     9
   Stab: Sleeping          |     1 |       |       ||     1
         Distracted        |       |       |     1 ||     1
         Paralysed         |       |       |     1 ||     1
 Armour: Animal skin       |    18 |    19 |    64 ||   101
  Dodge: Dodged            |    37 |    41 |   102 ||   180
